 Dungeon Crawl Stone Soup version 0.30-b1-5-g8e6c1be481 (webtiles) character file.

Game seed: 2422663424070895597

165 Mysteryquy the Trooper (level 5, -15/55 HPs)
             Began as an Ogre Fighter on May 4, 2023.
             Demolished by Duvessa
             ... wielding a +0 rapier
              (22 damage)
             ... on level 4 of the Dungeon.
             The game lasted 00:02:49 (2637 turns).

Mysteryquy the Trooper (Ogre Fighter)               Turns: 2637, Time: 00:02:49

Health: -15/55     AC:  3    Str: 22    XL:     5   Next: 46%
Magic:  5/5        EV:  1    Int:  9    God:
Gold:   123        SH:  0    Dex:  8    Spells: 4/4 levels left

rFire   . . .        a - +1 flail
rCold   . . .        c - +1 kite shield
rNeg    . . .        b - +0 robe
rPois   .            (helmet restricted)
rElec   .            (no cloak)
rCorr   .            (gloves unavailable)
SInv    .            (boots unavailable)
Will    .....        (no amulet)
Stlth   +            n - +4 ring of slaying
HPRegen 0.29/turn    (no ring)
MPRegen 0.09/turn

%: no passive effects
@: mighty, sleeping
A: large, unfitting armour, tough skin 1
a: no special abilities


You were on level 4 of the Dungeon.
You visited 1 branch of the dungeon, and saw 4 of its levels.

You collected 123 gold pieces.

Inventory:

Hand Weapons
 a - a +1 flail (weapon)
Armour
 b - a +0 robe (worn)
 c - a +1 kite shield (worn)
Jewellery
 n - a +4 ring of slaying (left hand)
Scrolls
 e - a scroll of identify
 f - a scroll of enchant armour
 i - 3 scrolls of teleportation
 j - 2 scrolls of blinking
 k - a scroll of poison {unknown}
Potions
 g - 2 potions of heal wounds {unknown}
 h - a potion of cancellation
 l - a potion of mutation {unknown}
 m - a potion of haste {unknown}


   Skills:
 + Level 4.9 Fighting
 + Level 3.4 Maces & Flails
 + Level 3.4 Dodging
 + Level 0.2 Stealth
 + Level 3.6 Shields


You had 4 spell levels left.
You didn't know any spells.
Your spell library contained the following spells:

 Spells                   Type           Power      Damage    Failure   Level
 Ensorcelled Hibernation  Hex/Ice        0%         N/A       80%         2
 Passwall                 Tmut/Erth      0%         N/A       80%         2
 Swiftness                Air            0%         N/A       95%         3


Dungeon Overview and Level Annotations

Branches:
Dungeon (4/15)
 Temple: D:4-7

Altars:

Annotations:
D:4 Duvessa


Innate Abilities, Weirdness & Mutations

You are too large for most types of armour.
You have tough skin. (AC +1)


Message History

You kill the orc!
Things that are here:
a +0 falchion; an orc corpse
There is an open door here.
HP restored.
There is an open door here.
Duvessa, Sister of Dowan comes into view.
She is wielding a +0 rapier and carrying a wand of flame (11).
Duvessa shouts!
Duvessa goes berserk!
You hear a shout!
Duvessa rages.
You feel very mighty all of a sudden.
Duvessa rages.
A sleepcap comes into view.
You completely miss Duvessa. You block Duvessa's attack.
Duvessa hits you with a +0 rapier! Duvessa barely misses you.
You sock Duvessa!
Duvessa is moderately wounded.
You block Duvessa's attack. Duvessa hits you with a +0 rapier!
You barely miss Duvessa.
Duvessa is moderately wounded.
You block Duvessa's attack. Duvessa misses you.
You bludgeon Duvessa!!
Duvessa is heavily wounded.
You block Duvessa's attack. The sleepcap closely misses you.
You block Duvessa's attack. The sleepcap closely misses you.
You completely miss Duvessa.
Duvessa is heavily wounded.
Duvessa hits you with a +0 rapier. Duvessa misses you.
The sleepcap releases spores at you.
You hit Duvessa.
Duvessa is severely wounded.
Duvessa hits you with a +0 rapier!!
* * * LOW HITPOINT WARNING * * *
The sleepcap releases spores at you.
* * * LOW HITPOINT WARNING * * *
You are engulfed in a cloud of soporific spores!
You fall asleep.
Duvessa hits you with a +0 rapier!!
You die...

#.... ##+# ##
##....##..###...
#.....'.........
#.........
##.######## ##
###.###.##.#...
#....#.......#
#.fe.'.......#
#..@)#.......#
#...)#.......#
#...<#.......#
######..##...#
#..# #### ...#
...# #...#


You could see Duvessa (berserk) and a sleepcap.

Vanquished Creatures
  Dowan (D:4)
  5 adders
  5 dart slugs
  An orc (D:4)
  5 ball pythons
  7 bats
  7 endoplasms
  2 giant cockroaches
  4 hobgoblins
  4 jackals (D:1)
  A quokka (D:1)
  4 frilled lizards
  5 goblins
  5 kobolds
  8 rats
64 creatures vanquished.

Notes
Turn   | Place    | Note
-------+----------+-------------------------------------------
     0 | D:1      | Mysteryquy the Ogre Fighter began the quest for the Orb.
     0 | D:1      | Reached XP level 1. HP: 24/24 MP: 1/1
    34 | D:1      | Reached XP level 2. HP: 25/32 MP: 2/2
   416 | D:1      | Reached XP level 3. HP: 40/40 MP: 3/3
   424 | D:1      | Found a faded altar of an unknown god.
  1544 | D:2      | Reached XP level 4. HP: 49/49 MP: 4/4
  2573 | D:4      | Noticed Dowan
  2595 | D:4      | Killed Dowan
  2596 | D:4      | Reached XP level 5. HP: 46/55 MP: 5/5
  2625 | D:4      | Noticed Duvessa
  2637 | D:4      | Demolished by Duvessa

Illustrated notes

Levels and vault maps discovered:
D:1:      lightli_molten_gateway, layout_basic,
          dreamdust_ecumenical_altar_hidden_monk_grotto
D:2:      layout_loops_cross, grunt_decor_cap
D:3:      layout_loops_cross
D:4:      layout_gridville, chequers_temple_overflow_statue_of_worship,
          nicolae_nh_ransacked_shop, uniq_duvessa, uniq_ijyb

Skill      XL: |  1  2  3  4 |
---------------+-------------+-----
Dodging        | 3 |  3.4
Maces & Flails | 2 3 |  3.4
Fighting       | |  4.9
Stealth        | |  0.2
Shields        | |  3.6

Action                     |  1- 3 |  4- 6 || total
---------------------------+-------+-------++-------
  Melee: Flail             |   127 |    75 ||   202
    Use: Scroll            |       |     5 ||     5
         Potion            |       |     1 ||     1
   Stab: Sleeping          |       |     1 ||     1
 Armour: Robe              |    41 |    19 ||    60
  Dodge: Dodged            |    51 |    37 ||    88
  Block: Kite shield       |    50 |    41 ||    91
